APP
JOHNSON CITY CARDINALS @ HELENA BREWERS
08/07/2046
 
TOP OF THE 1ST
Johnson City Cardinals batting - Pitching for Helena Brewers : RHP Franklin Arroyo
Pitching: RHP Franklin Arroyo
Batting: RHB Nick Latulippe 0-0: Foul Ball, location: 2F
0-1: SOLO HOME RUN (Flyball, 7D, EV 98.1 MPH), Distance : 381 ft
Batting: RHB Bobby Miles 0-0: Ball
1-0: Ball
2-0: Fly out, F9 (Flyball, 9S, EV 88.1 MPH)
Batting: RHB Kyle Burns 0-0: Ball
1-0: SOLO HOME RUN (Flyball, 78XD, EV 105.6 MPH), Distance : 414 ft
Batting: SHB Justin Towry 0-0: Swinging Strike
0-1: Called Strike
0-2: Foul Ball, location: 2F
0-2: Ball
1-2: Ground out 5-3 (Groundball, 56, EV 90.0 MPH)
Batting: RHB Herbert Loveless 0-0: Called Strike
0-1: Fly out, F3 (Popup, 34, EV 76.9 MPH)
Top of the 1st over - 2 runs, 2 hits, 0 errors, 0 left on base; Johnson City 2 - Helena 0
BOTTOM OF THE 1ST
Helena Brewers batting - Pitching for Johnson City Cardinals : RHP Emmanuel Godfrey
Pitching: RHP Emmanuel Godfrey
Batting: RHB Jose Cerritos 0-0: Ball
1-0: Called Strike
1-1: Ball
2-1: Ball
3-1: Foul Ball, location: 2F
3-2: SOLO HOME RUN (Flyball, 78XD, EV 106.2 MPH), Distance : 420 ft
Batting: LHB John Fortin 0-0: Ball
1-0: Ball
2-0: Ball
3-0: Called Strike
3-1: Ground out 5-3 (Groundball, 5, EV 78.1 MPH)
Batting: LHB Karel Hort 0-0: Foul Ball, location: 2F
0-1: Foul Ball, location: 2F
0-2: Ball
1-2: Ball
2-2: Strikes out swinging
Batting: SHB Justin Hensley 0-0: Ball
1-0: Foul Ball, location: 2F
1-1: Foul Ball, location: 2F
1-2: Strikes out swinging
Bottom of the 1st over - 1 run, 1 hit, 0 errors, 0 left on base; Johnson City 2 - Helena 1
TOP OF THE 2ND
Johnson City Cardinals batting - Pitching for Helena Brewers : RHP Franklin Arroyo
Batting: RHB Adam Hudson 0-0: Foul Ball, location: 2F
0-1: Swinging Strike
0-2: Ball
1-2: Strikes out swinging
Batting: RHB Alex Melgoza 0-0: Foul Ball, location: 2F
0-1: Fly out, F6 (Line Drive, 6, EV 66.9 MPH)
Batting: RHB Geoff Musico 0-0: Ball
1-0: Ball
2-0: Called Strike
2-1: Ball
3-1: Base on Balls
Batting: RHB Edgar Klockow 0-0: Ball
1-0: DOUBLE (Line Drive, 7LM, EV 106.2 MPH)
Geoff Musico to third
Runner from 3rd tries for Home, SAFE, no throw by LF
Batting: RHB Nick Latulippe 0-0: Called Strike
0-1: Ball
1-1: Ball
2-1: Ball
3-1: Base on Balls
Batting: RHB Bobby Miles 0-0: Ball
1-0: Ground out 4-3 (Groundball, 4, EV 90.0 MPH)
Top of the 2nd over - 1 run, 1 hit, 0 errors, 2 left on base; Johnson City 3 - Helena 1
BOTTOM OF THE 2ND
Helena Brewers batting - Pitching for Johnson City Cardinals : RHP Emmanuel Godfrey
Batting: RHB Chris Fruit 0-0: Ball
1-0: Ball
2-0: Called Strike
2-1: Foul Ball, location: 2F
2-2: Ground out U3 (Groundball, 3L, EV 81.2 MPH)
Batting: LHB Mark Backstrom 0-0: Ball
1-0: Ball
2-0: Ball
3-0: Base on Balls
Batting: RHB Dan Allred 0-0: Called Strike
0-1: Grounds into double play, 4-6-3 (Groundball, 4, EV 88.1 MPH)
Bottom of the 2nd over - 0 runs, 0 hits, 0 errors, 0 left on base; Johnson City 3 - Helena 1
TOP OF THE 3RD
Johnson City Cardinals batting - Pitching for Helena Brewers : RHP Franklin Arroyo
Batting: RHB Kyle Burns 0-0: Ball
1-0: Fly out, F8 (Line Drive, 8LD, EV 96.9 MPH)
Batting: SHB Justin Towry 0-0: Foul Ball, location: 2F
0-1: Ball
1-1: Ball
2-1: Foul Ball, location: 2F
2-2: Ground out 4-3 (Groundball, 34, EV 86.9 MPH)
Batting: RHB Herbert Loveless 0-0: Ball
1-0: Foul Ball, location: 2F
1-1: Ball
2-1: Foul Ball, location: 2F
2-2: Foul Ball, location: 2F
2-2: Strikes out swinging
Top of the 3rd over - 0 runs, 0 hits, 0 errors, 0 left on base; Johnson City 3 - Helena 1
BOTTOM OF THE 3RD
Helena Brewers batting - Pitching for Johnson City Cardinals : RHP Emmanuel Godfrey
Batting: RHB Alfredo Sena 0-0: Ground out 6-3 (Groundball, 6, EV 88.8 MPH)
Batting: RHB Justin Marino 0-0: Ball
1-0: Ball
2-0: Called Strike
2-1: Foul Ball, location: 2F
2-2: Strikes out looking
Batting: RHB Jose Cerritos 0-0: Foul Ball, location: 2F
0-1: Ground out 4-3 (Groundball, 4, EV 81.2 MPH)
Bottom of the 3rd over - 0 runs, 0 hits, 0 errors, 0 left on base; Johnson City 3 - Helena 1
TOP OF THE 4TH
Johnson City Cardinals batting - Pitching for Helena Brewers : RHP Franklin Arroyo
Batting: RHB Adam Hudson 0-0: Foul Ball, location: 2F
0-1: Called Strike
0-2: Strikes out swinging
Batting: RHB Alex Melgoza 0-0: Foul Ball, location: 2F
0-1: Called Strike
0-2: Fly out, F9 (Flyball, 89M, EV 86.2 MPH)
Batting: RHB Geoff Musico 0-0: Called Strike
0-1: Ball
1-1: DOUBLE (Groundball, 5L, EV 111.9 MPH)
Batting: RHB Edgar Klockow 0-0: Called Strike
0-1: Called Strike
0-2: Strikes out swinging
Top of the 4th over - 0 runs, 1 hit, 0 errors, 1 left on base; Johnson City 3 - Helena 1
BOTTOM OF THE 4TH
Helena Brewers batting - Pitching for Johnson City Cardinals : RHP Emmanuel Godfrey
Batting: LHB John Fortin 0-0: Foul Ball, location: 2F
0-1: Foul Ball, location: 2F
0-2: Ground out 6-3 (Groundball, 6, EV 84.4 MPH)
Batting: LHB Karel Hort 0-0: Foul Ball, location: 2F
0-1: Swinging Strike
0-2: Ball
1-2: Foul Ball, location: 2F
1-2: Ball
2-2: Fly out, F8 (Line Drive, 8LM, EV 91.2 MPH)
Batting: SHB Justin Hensley 0-0: Ball
1-0: Called Strike
1-1: Ball
2-1: Foul Ball, location: 2F
2-2: SOLO HOME RUN (Flyball, 7D, EV 96.2 MPH), Distance : 373 ft
Batting: RHB Chris Fruit 0-0: Ball
1-0: Ball
2-0: Ball
3-0: Called Strike
3-1: Swinging Strike
3-2: Base on Balls
Batting: LHB Mark Backstrom 0-0: Ball
1-0: Foul Ball, location: 2F
1-1: Swinging Strike
1-2: Ball
2-2: Foul Ball, location: 2F
2-2: Fielders Choice at 2nd, 5-4 (Groundball, 56, EV 86.2 MPH)
Bottom of the 4th over - 1 run, 1 hit, 0 errors, 1 left on base; Johnson City 3 - Helena 2
TOP OF THE 5TH
Johnson City Cardinals batting - Pitching for Helena Brewers : RHP Franklin Arroyo
Batting: RHB Nick Latulippe 0-0: Called Strike
0-1: Ground out 5-3 (Groundball, 56S, EV 86.2 MPH)
Batting: RHB Bobby Miles 0-0: SINGLE (Line Drive, 9S, EV 101.9 MPH)
Batting: RHB Kyle Burns 0-0: Called Strike
0-1: Foul Ball, location: 2F
0-2: Strikes out swinging
Batting: SHB Justin Towry 0-0: Ball
Bobby Miles steals 2nd base
1-0: Called Strike
1-1: Ball
2-1: Called Strike
2-2: Foul Ball, location: 2F
2-2: Strikes out swinging
Top of the 5th over - 0 runs, 1 hit, 0 errors, 1 left on base; Johnson City 3 - Helena 2
BOTTOM OF THE 5TH
Helena Brewers batting - Pitching for Johnson City Cardinals : RHP Emmanuel Godfrey
Batting: RHB Dan Allred 0-0: Called Strike
0-1: Ball
1-1: Foul Ball, location: 2F
1-2: Ground out 5-3 (Groundball, 56, EV 88.8 MPH)
Batting: RHB Alfredo Sena 0-0: Called Strike
0-1: Ball
1-1: Ball
2-1: Ball
3-1: Base on Balls
Batting: RHB Justin Marino 0-0: Grounds into double play, 4-6-3 (Groundball, 4, EV 84.4 MPH)
Bottom of the 5th over - 0 runs, 0 hits, 0 errors, 0 left on base; Johnson City 3 - Helena 2
TOP OF THE 6TH
Johnson City Cardinals batting - Pitching for Helena Brewers : RHP Franklin Arroyo
Batting: RHB Herbert Loveless 0-0: Ball
1-0: Ball
2-0: Ball
3-0: Base on Balls
Pitching: RHP Sho Sekine
Batting: RHB Adam Hudson 0-0: Called Strike
0-1: Called Strike
0-2: 2-RUN HOME RUN (Line Drive, 7D, EV 96.9 MPH), Distance : 379 ft
Batting: RHB Alex Melgoza 0-0: Foul Ball, location: 2F
0-1: Ball
1-1: Ball
2-1: Called Strike
2-2: Ball
3-2: Base on Balls
Batting: RHB Geoff Musico 0-0: Called Strike
0-1: Ball
1-1: Called Strike
1-2: Ball
2-2: Ball
3-2: Base on Balls
Alex Melgoza to second
Batting: RHB Edgar Klockow 0-0: Called Strike
0-1: Called Strike
0-2: Strikes out swinging
Batting: RHB Nick Latulippe 0-0: Hit by Pitch
Alex Melgoza to third
Geoff Musico to second
Batting: RHB Bobby Miles 0-0: Called Strike
0-1: Foul Ball, location: 2F
0-2: Strikes out looking
Batting: RHB Kyle Burns 0-0: Ball
1-0: Ball
2-0: Fielders Choice at 2nd, U4 (Groundball, 4M, EV 89.4 MPH)
Top of the 6th over - 2 runs, 1 hit, 0 errors, 3 left on base; Johnson City 5 - Helena 2
BOTTOM OF THE 6TH
Helena Brewers batting - Pitching for Johnson City Cardinals : RHP Emmanuel Godfrey
Batting: RHB Jose Cerritos 0-0: Ground out 6-3 (Groundball, 6MD, EV 84.4 MPH)
Batting: LHB John Fortin 0-0: Ball
1-0: Ball
2-0: Ball
3-0: Base on Balls
Pitching: LHP Ken Compton
Batting: LHB Karel Hort 0-0: Called Strike
0-1: Grounds into double play, 4-6-3 (Groundball, 4S, EV 85.0 MPH)
Bottom of the 6th over - 0 runs, 0 hits, 0 errors, 0 left on base; Johnson City 5 - Helena 2
TOP OF THE 7TH
Johnson City Cardinals batting - Pitching for Helena Brewers : RHP Sho Sekine
Batting: SHB Justin Towry 0-0: Ball
1-0: Foul Ball, location: 2F
1-1: Ball
2-1: Swinging Strike
2-2: Strikes out swinging
Pitching: RHP Josh Brakefield
Batting: RHB Herbert Loveless 0-0: Ball
1-0: Called Strike
1-1: Fly out, F8 (Flyball, 8RD, EV 105.0 MPH)
Batting: RHB Adam Hudson 0-0: Called Strike
0-1: Ground out 4-3 (Groundball, 4D, EV 100.0 MPH)
Top of the 7th over - 0 runs, 0 hits, 0 errors, 0 left on base; Johnson City 5 - Helena 2
BOTTOM OF THE 7TH
Helena Brewers batting - Pitching for Johnson City Cardinals : LHP Ken Compton
Batting: SHB Justin Hensley 0-0: Called Strike
0-1: Called Strike
0-2: Ball
1-2: Ball
2-2: Strikes out swinging
Batting: RHB Chris Fruit 0-0: Ball
1-0: Ball
2-0: Swinging Strike
2-1: Foul Ball, location: 2F
2-2: Fly out, F4 (Popup, 13S, EV 91.2 MPH)
Batting: LHB Mark Backstrom 0-0: Called Strike
0-1: Ball
1-1: Ball
2-1: Called Strike
2-2: Ground out 3-1 (Groundball, 34, EV 100.6 MPH)
Bottom of the 7th over - 0 runs, 0 hits, 0 errors, 0 left on base; Johnson City 5 - Helena 2
TOP OF THE 8TH
Johnson City Cardinals batting - Pitching for Helena Brewers : RHP Josh Brakefield
Batting: RHB Alex Melgoza 0-0: Ball
1-0: Ball
2-0: Called Strike
2-1: Ball
3-1: Called Strike
3-2: DOUBLE (Flyball, 78D, EV 111.2 MPH)
Batting: RHB Geoff Musico 0-0: Called Strike
0-1: Ball
1-1: Swinging Strike
1-2: Ground out 5-3 (Groundball, 56S, EV 84.4 MPH)
Batting: RHB Edgar Klockow 0-0: Called Strike
Alex Melgoza steals 3rd base
0-1: Ball
1-1: Ball
2-1: SINGLE (Popup, 13S, EV 91.9 MPH)
Alex Melgoza scores
Batting: RHB Nick Latulippe 0-0: Called Strike
0-1: Ball
1-1: Swinging Strike
1-2: Ball
2-2: Foul Ball, location: 2F
2-2: Ball
3-2: SINGLE (Groundball, 56, EV 101.9 MPH) (infield hit)
Edgar Klockow to second
Batting: RHB Bobby Miles 0-0: Ball
1-0: Swinging Strike
1-1: Foul Ball, location: 2F
1-2: Strikes out swinging
Batting: RHB Kyle Burns 0-0: Ball
1-0: Ball
2-0: Swinging Strike
2-1: Ball
3-1: Called Strike
3-2: Foul Ball, location: 2F
3-2: Foul Ball, location: 2F
3-2: Foul Ball, location: 2F
3-2: Base on Balls
Edgar Klockow to third
Nick Latulippe to second
Batting: SHB Justin Towry 0-0: Foul Ball, location: 2F
0-1: Foul Ball, location: 2F
0-2: Ball
Passed Ball!
Edgar Klockow scores
Nick Latulippe to third
Kyle Burns to second
1-2: Strikes out looking
Top of the 8th over - 2 runs, 3 hits, 0 errors, 2 left on base; Johnson City 7 - Helena 2
BOTTOM OF THE 8TH
Helena Brewers batting - Pitching for Johnson City Cardinals : LHP Ken Compton
Batting: RHB Dan Allred 0-0: Called Strike
0-1: Ball
1-1: Foul Ball, location: 2F
1-2: Strikes out looking
Batting: RHB Alfredo Sena 0-0: Swinging Strike
0-1: Foul Ball, location: 2F
0-2: Ball
1-2: Strikes out looking
Batting: RHB Justin Marino 0-0: Ball
1-0: Foul Ball, location: 2F
1-1: SINGLE (Line Drive, 78S, EV 105.6 MPH)
Batting: RHB Jose Cerritos 0-0: Ground out 1-3 (Groundball, 13S, EV 75.0 MPH)
Bottom of the 8th over - 0 runs, 1 hit, 0 errors, 1 left on base; Johnson City 7 - Helena 2
TOP OF THE 9TH
Johnson City Cardinals batting - Pitching for Helena Brewers : RHP Josh Brakefield
Batting: RHB Herbert Loveless 0-0: Ball
1-0: Called Strike
1-1: Swinging Strike
1-2: Ball
2-2: Ball
3-2: Foul Ball, location: 2F
3-2: Strikes out swinging
Batting: RHB Adam Hudson 0-0: Called Strike
0-1: Reached on error, E6 (Groundball, 6MS, EV 86.2 MPH)
Batting: RHB Alex Melgoza 0-0: Ball
1-0: Foul Ball, location: 2F
1-1: Ball
2-1: Swinging Strike
2-2: Strikes out swinging
Pitching: RHP Omar Morales
Batting: RHB Geoff Musico 0-0: Ball
1-0: Ball
2-0: Called Strike
2-1: Ball
3-1: Called Strike
3-2: Foul Ball, location: 2F
3-2: Base on Balls
Adam Hudson to second
Batting: RHB Edgar Klockow 0-0: Fly out, F8 (Line Drive, 8LD, EV 97.5 MPH)
Top of the 9th over - 0 runs, 0 hits, 1 error, 2 left on base; Johnson City 7 - Helena 2
BOTTOM OF THE 9TH
Helena Brewers batting - Pitching for Johnson City Cardinals : LHP Ken Compton
Batting: LHB John Fortin 0-0: Called Strike
0-1: Foul Ball, location: 2F
0-2: Ball
1-2: Ball
2-2: Ground out 2-3 (Groundball, 13S, EV 70.0 MPH)
Batting: LHB Karel Hort 0-0: Ball
1-0: SINGLE (Groundball, 4MD, EV 95.0 MPH)
Batting: SHB Justin Hensley 0-0: Ball
1-0: Foul Ball, location: 2F
1-1: Fly out, F9 (Flyball, 89S, EV 80.6 MPH)
Batting: RHB Chris Fruit 0-0: Ball
1-0: Foul Ball, location: 2F
1-1: SINGLE (Groundball, 6S, EV 65.0 MPH) (infield hit)
Karel Hort to second
Batting: LHB Mark Backstrom 0-0: Called Strike
0-1: Ball
1-1: Ground out U3 (Groundball, 34, EV 86.2 MPH)
Bottom of the 9th over - 0 runs, 2 hits, 0 errors, 2 left on base; Johnson City 7 - Helena 2
Tuesday, September 13th , 2022 - OOTP Baseball 23.7 Build 88